[ AOE2 MATCH · #495276870 ]
UnrankedVietnamese vs Malians
Rival team · LOSS
[ REPLAY ANALYSIS · EXTRACTED FROM THE RECORDED GAME ]
Feudal
10:53
Castle
24:19
Imperial
46:47
| APM avg | 49.5 |
| APM peak | 96 |
| eAPM avg | 27.2 |
| Villagers / military | 156 / 119 |
Focus
⚔️ 25.0% · 🌾 75.0%
Militia ×25 · Rattan Archer ×25 · Scout Cavalry ×16 · Battle Elephant ×16 · Skirmisher ×14 · Mangonel ×7
Feudal
9:58
Castle
22:07
Imperial
—
| APM avg | 37.7 |
| APM peak | 66 |
| eAPM avg | 20.8 |
| Villagers / military | 101 / 66 |
Focus
⚔️ 34.6% · 🌾 65.4%
Archer ×19 · Spearman ×12 · Mangonel ×9 · Gbeto ×8 · Skirmisher ×4 · Monk ×3
Match map
Initial resources + every placement click. Lines = walls · curves = elevation contours. ◆ gold · ⬟ stone · ● berries · ✦ relic · ◌ wall gap
Your base· Open — 8t gap
Müh.zuvery's base· Open — 8t gap
Smoothed initial terrain · ◌ = detected wall gap · hover for details
Inputs per minute
— BilbooDEMON - - Müh.zuvery
Build order — BilbooDEMON
First 150 of 407 actions detected
| 0:02 | Build | Town Center |
| 1:05 | Queue | Villager (Male) |
| 1:06 | Queue | Villager (Male) |
| 1:06 | Queue | Villager (Male) |
| 1:06 | Queue | Villager (Male) |
| 1:07 | Queue | Villager (Male) |
| 1:42 | Build | Lumber Camp |
| 1:43 | Queue | Villager (Male) |
| 2:22 | Queue | Villager (Male) |
| 2:34 | Research | Loom |
| 2:35 | Queue | Villager (Male) |
| 2:35 | Queue | Villager (Male) |
| 2:43 | Research | Loom |
| 2:51 | Queue | Villager (Male) |
| 2:51 | Queue | Villager (Male) |
| 3:24 | Queue | Villager (Male) |
| 4:16 | Queue | Villager (Male) |
| 4:56 | Queue | Villager (Male) |
| 5:11 | Build | House |
| 5:17 | Queue | Villager (Male) |
| 5:17 | Queue | Villager (Male) |
| 5:28 | Build | Mill |
| 6:07 | Queue | Villager (Male) |
| 6:15 | Queue | Villager (Male) |
| 6:35 | Build | Farm |
| 6:45 | Build | Farm |
| 6:49 | Build | Farm |
| 7:19 | Queue | Villager (Male) |
| 7:42 | Build | Barracks |
| 7:46 | Build | House |
| 7:53 | Queue | Villager (Male) |
| 8:04 | Queue | Villager (Male) |
| 8:27 | Research | Feudal Age |
| 8:59 | Queue | Militia |
| 8:59 | Queue | Militia |
| 9:00 | Queue | Militia |
| 9:03 | Build | House |
| 9:33 | Queue | Villager (Male) |
| 9:33 | Queue | Villager (Male) |
| 9:44 | Queue | Militia |
| 9:49 | Build | House |
| 10:28 | Queue | Villager (Male) |
| 10:53 | Age | Feudal Age |
| 10:54 | Build | Archery Range |
| 10:56 | Research | Man-at-Arms (upgrade) |
| 10:58 | Queue | Villager (Male) |
| 11:23 | Queue | Militia |
| 11:24 | Queue | Militia |
| 11:25 | Queue | Villager (Male) |
| 11:29 | Queue | Villager (Male) |
| 11:36 | Build | Blacksmith |
| 11:38 | Build | House |
| 11:51 | Queue | Archer |
| 11:52 | Queue | Skirmisher |
| 11:52 | Queue | Skirmisher |
| 11:55 | Queue | Villager (Male) |
| 12:13 | Queue | Militia |
| 12:41 | Queue | Skirmisher |
| 12:43 | Research | Fletching |
| 12:45 | Build | House |
| 13:27 | Queue | Militia |
| 13:27 | Queue | Militia |
| 13:28 | Queue | Skirmisher |
| 13:30 | Queue | Skirmisher |
| 13:45 | Queue | Archer |
| 13:49 | Queue | Militia |
| 13:49 | Queue | Militia |
| 14:09 | Build | House |
| 14:11 | Queue | Villager (Male) |
| 14:11 | Queue | Villager (Male) |
| 14:15 | Queue | Militia |
| 14:38 | Queue | Militia |
| 14:40 | Research | Scale Mail Armor |
| 14:45 | Queue | Skirmisher |
| 14:46 | Queue | Skirmisher |
| 14:58 | Build | House |
| 15:02 | Queue | Villager (Male) |
| 15:02 | Queue | Villager (Male) |
| 15:08 | Build | Mill |
| 15:12 | Build | Farm |
| 15:12 | Build | Farm |
| 15:17 | Queue | Villager (Male) |
| 16:02 | Build | House |
| 16:03 | Build | House |
| 16:04 | Queue | Militia |
| 16:04 | Queue | Militia |
| 16:06 | Queue | Skirmisher |
| 16:06 | Queue | Skirmisher |
| 16:45 | Queue | Villager (Male) |
| 16:46 | Queue | Villager (Male) |
| 16:49 | Build | Farm |
| 16:51 | Build | Farm |
| 16:52 | Build | Farm |
| 16:54 | Build | Farm |
| 16:56 | Queue | Villager (Male) |
| 16:59 | Research | Double-Bit Axe |
| 17:23 | Queue | Militia |
| 17:23 | Queue | Militia |
| 17:59 | Research | Padded Archer Armor |
| 19:06 | Build | Farm |
| 19:08 | Queue | Villager (Male) |
| 19:08 | Queue | Villager (Male) |
| 19:10 | Queue | Militia |
| 19:10 | Queue | Militia |
| 19:12 | Queue | Skirmisher |
| 19:13 | Queue | Skirmisher |
| 19:24 | Build | House |
| 19:25 | Build | House |
| 19:40 | Queue | Militia |
| 19:42 | Queue | Villager (Male) |
| 19:53 | Build | Market |
| 19:56 | Build | Palisade Wall |
| 21:14 | Queue | Villager (Male) |
| 21:15 | Queue | Villager (Male) |
| 21:20 | Research | Castle Age |
| 21:21 | Queue | Villager (Male) |
| 21:34 | Build | House |
| 21:48 | Build | Mining Camp |
| 22:26 | Build | House |
| 22:27 | Queue | Villager (Male) |
| 22:47 | Queue | Militia |
| 22:48 | Queue | Militia |
| 23:31 | Queue | Militia |
| 23:32 | Queue | Militia |
| 23:37 | Queue | Villager (Male) |
| 23:55 | Queue | Militia |
| 24:05 | Queue | Villager (Male) |
| 24:09 | Research | Forging |
| 24:19 | Age | Castle Age |
| 24:24 | Build | Town Center |
| 24:53 | Queue | Villager (Male) |
| 24:54 | Queue | Villager (Male) |
| 25:02 | Build | Siege Workshop |
| 25:24 | Queue | Villager (Male) |
| 25:25 | Queue | Villager (Male) |
| 25:41 | Queue | Villager (Male) |
| 25:47 | Queue | Fire Lancer |
| 25:48 | Queue | Fire Lancer |
| 25:59 | Build | Barracks |
| 26:55 | Queue | Mangonel |
| 26:57 | Queue | Archer |
| 26:57 | Queue | Archer |
| 27:02 | Build | Castle |
| 27:11 | Queue | Villager (Male) |
| 27:14 | Queue | Fire Lancer |
| 27:14 | Queue | Fire Lancer |
| 27:15 | Queue | Fire Lancer |
| 27:27 | Queue | Villager (Male) |
| 27:27 | Queue | Villager (Male) |
| 27:27 | Queue | Villager (Male) |
Build order — Müh.zuvery
First 150 of 273 actions detected
| 0:07 | Build | Town Center |
| 1:06 | Build | House |
| 1:08 | Queue | Villager (Male) ×4 |
| 2:05 | Queue | Villager (Male) |
| 2:10 | Build | Lumber Camp |
| 2:38 | Queue | Villager (Male) |
| 2:39 | Queue | Villager (Male) |
| 3:18 | Queue | Villager (Male) |
| 3:45 | Queue | Villager (Male) |
| 4:00 | Queue | Villager (Male) |
| 4:48 | Queue | Villager (Male) |
| 5:08 | Build | House |
| 5:29 | Queue | Villager (Male) |
| 5:39 | Queue | Villager (Male) |
| 6:03 | Build | Mill |
| 6:21 | Queue | Villager (Male) |
| 7:23 | Research | Loom |
| 7:24 | Research | Feudal Age |
| 7:31 | Build | Barracks |
| 8:11 | Build | House |
| 8:53 | Build | House |
| 9:29 | Queue | Villager (Male) |
| 9:58 | Age | Feudal Age |
| 10:02 | Build | Archery Range |
| 10:21 | Queue | Villager (Male) |
| 10:21 | Queue | Villager (Male) |
| 10:46 | Build | House |
| 10:48 | Build | House |
| 10:55 | Build | House |
| 10:57 | Build | Palisade Wall |
| 10:59 | Queue | Archer |
| 10:59 | Queue | Archer |
| 11:04 | Build | Palisade Wall |
| 11:08 | Build | Palisade Wall |
| 11:09 | Build | Palisade Wall |
| 11:10 | Build | Palisade Wall |
| 11:18 | Queue | Villager (Male) |
| 11:18 | Queue | Villager (Male) |
| 11:29 | Build | Mining Camp |
| 11:31 | Queue | Skirmisher |
| 11:48 | Build | Blacksmith |
| 12:00 | Queue | Skirmisher |
| 12:05 | Research | Double-Bit Axe |
| 12:18 | Queue | Villager (Male) |
| 12:18 | Queue | Villager (Male) |
| 12:39 | Queue | Villager (Male) |
| 12:44 | Build | House |
| 12:44 | Research | Forging |
| 12:51 | Queue | Archer |
| 13:04 | Build | Palisade Wall |
| 13:18 | Queue | Archer |
| 13:23 | Queue | Villager (Male) |
| 13:23 | Queue | Villager (Male) |
| 13:43 | Build | Archery Range |
| 13:52 | Queue | Villager (Male) |
| 14:05 | Build | House |
| 14:07 | Build | House |
| 14:12 | Build | House |
| 14:16 | Build | House |
| 14:22 | Queue | Skirmisher |
| 14:23 | Queue | Skirmisher |
| 14:23 | Queue | Archer |
| 14:36 | Research | Horse Collar |
| 14:41 | Queue | Villager (Male) |
| 14:41 | Queue | Villager (Male) |
| 14:54 | Build | Archery Range |
| 14:58 | Queue | Villager (Male) |
| 14:58 | Queue | Villager (Male) |
| 15:08 | Build | Watch Tower |
| 15:19 | Build | House |
| 15:27 | Queue | Archer |
| 16:12 | Build | House |
| 16:29 | Build | Archery Range |
| 16:36 | Build | Archery Range |
| 16:54 | Build | Lumber Camp |
| 16:56 | Queue | Villager (Male) |
| 16:56 | Queue | Villager (Male) |
| 17:14 | Queue | Archer |
| 17:14 | Queue | Archer |
| 17:26 | Build | Archery Range |
| 17:34 | Build | House |
| 17:52 | Queue | Villager (Male) |
| 17:52 | Queue | Villager (Male) |
| 18:29 | Queue | Archer |
| 18:29 | Queue | Archer |
| 18:36 | Build | Stable |
| 18:37 | Queue | Archer |
| 18:38 | Queue | Archer |
| 19:01 | Queue | Archer |
| 19:01 | Queue | Archer |
| 19:25 | Queue | Villager (Male) |
| 19:27 | Research | Castle Age |
| 19:32 | Build | Farm |
| 19:33 | Build | Farm |
| 19:42 | Queue | Scout Cavalry |
| 19:42 | Queue | Scout Cavalry |
| 20:26 | Queue | Scout Cavalry |
| 20:32 | Build | Farm |
| 20:40 | Build | Farm |
| 21:44 | Build | Farm |
| 21:58 | Queue | Villager (Male) |
| 22:07 | Age | Castle Age |
| 22:14 | Build | Farm |
| 22:16 | Build | Farm |
| 22:24 | Build | Siege Workshop |
| 22:32 | Build | Siege Workshop |
| 22:37 | Queue | Villager (Male) |
| 22:37 | Queue | Villager (Male) |
| 22:50 | Queue | Archer |
| 22:50 | Queue | Archer |
| 23:18 | Queue | Villager (Male) |
| 23:49 | Queue | Villager (Male) |
| 23:57 | Build | Farm |
| 24:11 | Build | Siege Workshop |
| 24:20 | Queue | Villager (Male) |
| 24:31 | Build | Mining Camp |
| 24:52 | Queue | Archer |
| 24:52 | Queue | Archer |
| 24:57 | Build | Palisade Wall |
| 25:03 | Build | Palisade Wall |
| 25:19 | Queue | Villager (Male) |
| 25:22 | Build | Stone Wall |
| 25:25 | Queue | Scorpion |
| 25:44 | Queue | Villager (Male) |
| 25:46 | Queue | Villager (Male) |
| 25:55 | Queue | Mangonel |
| 26:05 | Queue | Villager (Male) |
| 26:28 | Build | House |
| 26:30 | Build | House |
| 26:35 | Build | House |
| 26:40 | Build | House |
| 27:09 | Queue | Villager (Male) |
| 27:10 | Queue | Villager (Male) |
| 27:35 | Research | Fletching |
| 27:39 | Queue | Archer |
| 27:43 | Queue | Cavalry Archer |
| 27:43 | Queue | Cavalry Archer |
| 28:24 | Queue | Villager (Male) |
| 28:36 | Queue | Villager (Male) |
| 28:46 | Build | House |
| 29:13 | Queue | Mangonel |
| 29:13 | Queue | Mangonel |
| 29:31 | Queue | Villager (Male) |
| 29:35 | Queue | Villager (Male) |
| 29:50 | Queue | Mangonel |
| 30:19 | Queue | Mangonel |
| 30:20 | Queue | Villager (Male) |
| 30:21 | Queue | Villager (Male) |
| 30:30 | Build | Mining Camp |
| 31:15 | Queue | Mangonel |
Match timeline
| 7:31 | Müh.zuvery · first_building Barracks |
| 7:42 | BilbooDEMON · first_building Barracks |
| 9:58 | Müh.zuvery · age_up feudal |
| 10:02 | Müh.zuvery · first_building Archery Range |
| 10:53 | BilbooDEMON · age_up feudal |
| 10:54 | BilbooDEMON · first_building Archery Range |
| 10:57 | Müh.zuvery · wall_segment Palisade Wall x1 |
| 11:04 | Müh.zuvery · wall_segment Palisade Wall x1 |
| 11:08 | Müh.zuvery · wall_segment Palisade Wall x1 |
| 11:09 | Müh.zuvery · wall_segment Palisade Wall x1 |
| 11:10 | Müh.zuvery · wall_segment Palisade Wall x1 |
| 13:04 | Müh.zuvery · wall_segment Palisade Wall x1 |
| 18:36 | Müh.zuvery · first_building Stable |
| 19:56 | BilbooDEMON · wall_segment Palisade Wall x1 |
| 22:07 | Müh.zuvery · age_up castle |
| 22:24 | Müh.zuvery · first_building Siege Workshop |
| 23:40 | BilbooDEMON · first_market_sell 500 wood |
| 24:19 | BilbooDEMON · age_up castle |
| 24:57 | Müh.zuvery · wall_segment Palisade Wall x1 |
| 25:02 | BilbooDEMON · first_building Siege Workshop |
| 25:03 | Müh.zuvery · wall_segment Palisade Wall x1 |
| 25:22 | Müh.zuvery · wall_segment Stone Wall x5 |
| 27:02 | BilbooDEMON · first_building Castle |
| 27:57 | BilbooDEMON · first_market_buy 100 wood |
| 32:54 | BilbooDEMON · first_building Stable |
| 34:02 | Müh.zuvery · first_market_buy 100 food |
| 38:28 | Müh.zuvery · first_building Monastery |
| 38:50 | Müh.zuvery · first_building Castle |
| 42:59 | BilbooDEMON · first_building Monastery |
| 46:47 | BilbooDEMON · age_up imperial |
| 49:48 | Müh.zuvery · resign |
[ AI ANALYSIS · 1 CREDIT ]
What really happened in this match?
Wolo.gg analyzes every decision: build order, eco, micro, common mistakes by bracket. Personalized analysis on WhatsApp or Discord in 30 seconds.
Civ guide
Vietnamese
Perfil
Jugador #618457